L2
LAGOS S A COMETS @ SANTO DOMINGO S A CAVALRY
07/12/2111
 
TOP OF THE 1ST
Lagos S A Comets batting - Pitching for Santo Domingo S A Cavalry : LHP Boulos Mubarak
Pitching: LHP Boulos Mubarak
Batting: RHB Wilson Garcia 0-0: Ball
1-0: Ground out 5-3 (Groundball, 5S, EV 67.5 MPH)
Batting: LHB Eria Funsani 0-0: Ball
1-0: Foul Ball, location: 3DF
1-1: Called Strike
1-2: Strikes out swinging
Batting: RHB Ghiyath bin Diya al Din 0-0: Ball
1-0: Called Strike
1-1: Foul Ball, location: 9LMF
1-2: Ball
2-2: Ball
3-2: Fly out, F8 (Line Drive, 8RS, EV 95.0 MPH)
Top of the 1st over - 0 runs, 0 hits, 0 errors, 0 left on base; Lagos S A 0 - Santo Domingo S A 0
BOTTOM OF THE 1ST
Santo Domingo S A Cavalry batting - Pitching for Lagos S A Comets : RHP Ultac Chimane
Pitching: RHP Ultac Chimane
Batting: RHB Ulbert de Ruijter 0-0: Fly out, F8 (Flyball, 8RD, EV 97.5 MPH)
Batting: RHB Kim Phuc 0-0: Called Strike
0-1: Fly out, F7 (Flyball, 7LS, EV 86.3 MPH)
Batting: SHB Jesus Santiago 0-0: Foul Ball, location: 5F
0-1: Called Strike
0-2: Foul Ball, location: 23F
0-2: Ball
1-2: Ball
2-2: Ball
3-2: Ground out 6-3 (Groundball, 56, EV 102.5 MPH)
Bottom of the 1st over - 0 runs, 0 hits, 0 errors, 0 left on base; Lagos S A 0 - Santo Domingo S A 0
TOP OF THE 2ND
Lagos S A Comets batting - Pitching for Santo Domingo S A Cavalry : LHP Boulos Mubarak
Batting: SHB Zigza Nassor 0-0: Called Strike
0-1: Ball
1-1: Ground out 5-3 (Groundball, 56S, EV 86.9 MPH)
Batting: LHB Laweye Malecela 0-0: SINGLE (Line Drive, 6MD, EV 94.4 MPH)
Batting: RHB Kosho Iwamoto 0-0: Called Strike
0-1: Fly out, F9 (Flyball, 9S, EV 96.9 MPH)
Batting: RHB Abdul-Ghaffar Abdul-Halim 0-0: Called Strike
0-1: Foul Ball, location: 7LDF
0-2: Strikes out swinging, 2-3 out at first.
Top of the 2nd over - 0 runs, 1 hit, 0 errors, 1 left on base; Lagos S A 0 - Santo Domingo S A 0
BOTTOM OF THE 2ND
Santo Domingo S A Cavalry batting - Pitching for Lagos S A Comets : RHP Ultac Chimane
Batting: RHB Tzivon Hildesheimer 0-0: Ball
1-0: Foul Ball, location: 23F
1-1: Ball
2-1: Ball
3-1: Swinging Strike
3-2: Foul Ball, location: 2F
3-2: Foul Ball, location: 2F
3-2: Fly out, F7 (Flyball, 78M, EV 96.9 MPH)
Batting: RHB Virisimo Rabelo 0-0: Ball
1-0: Ball
2-0: Called Strike
2-1: Foul Ball, location: 9LMF
2-2: Ball
3-2: Foul Ball, location: 9LSF
3-2: Ground out 6-3 (Groundball, 6, EV 87.5 MPH)
Batting: SHB Hariz Arfan 0-0: Ball
1-0: Foul Ball, location: 2F
1-1: Swinging Strike
1-2: Foul Ball, location: 23F
1-2: Foul Ball, location: 3FF
1-2: Strikes out swinging
Bottom of the 2nd over - 0 runs, 0 hits, 0 errors, 0 left on base; Lagos S A 0 - Santo Domingo S A 0
TOP OF THE 3RD
Lagos S A Comets batting - Pitching for Santo Domingo S A Cavalry : LHP Boulos Mubarak
Batting: RHB Nguna Ampah 0-0: Called Strike
0-1: Ball
1-1: Ball
2-1: Swinging Strike
2-2: Foul Ball, location: 2F
2-2: Strikes out swinging
Batting: RHB Dinh-Die^ Khuc 0-0: Ball
1-0: Ball
2-0: Ground out 1-3 (Groundball, 15, EV 71.9 MPH)
Batting: RHB Wilson Garcia 0-0: Ball
1-0: Ball
2-0: Swinging Strike
2-1: Ground out 6-3 (Groundball, 56, EV 98.8 MPH)
Top of the 3rd over - 0 runs, 0 hits, 0 errors, 0 left on base; Lagos S A 0 - Santo Domingo S A 0
BOTTOM OF THE 3RD
Santo Domingo S A Cavalry batting - Pitching for Lagos S A Comets : RHP Ultac Chimane
Pitching: LHP Al'Alim Nur al Din
Batting: RHB Umar Rafiki 0-0: Ball
1-0: Called Strike
1-1: Ball
2-1: Ball
3-1: Swinging Strike
3-2: Foul Ball, location: 3F
3-2: Base on Balls
Batting: RHB Fassil Benslimane 0-0: Foul Ball, location: 9LSF
0-1: SINGLE (Line Drive, 89M, EV 105.0 MPH)
Umar Rafiki to second
Batting: RHB Zi-yang Zhou 0-0: Fielders Choice at 2nd, 2-6 (Groundball, 13S, EV 69.4 MPH)
Umar Rafiki to third
Batting: RHB Ulbert de Ruijter 0-0: Foul Ball, location: 2RF
0-1: Ball
1-1: Foul Ball, location: 7LMF
1-2: Foul Ball, location: 2F
1-2: Foul Ball, location: 3F
1-2: SINGLE (Line Drive, 4D, EV 104.4 MPH)
Umar Rafiki scores
Zi-yang Zhou to second
Batting: RHB Kim Phuc 0-0: Fielders Choice at 2nd, 3-6 (Groundball, 34, EV 85.0 MPH)
Zi-yang Zhou to third
Batting: SHB Jesus Santiago 0-0: Ball
1-0: Reached on error, E5 (Groundball, 5S, EV 89.4 MPH)
Zi-yang Zhou scores
Kim Phuc to second
Batting: RHB Tzivon Hildesheimer 0-0: Foul Ball, location: 2RF
0-1: Ball
1-1: Foul Ball, location: 7LMFF
1-2: SINGLE (Groundball, 6D, EV 99.4 MPH)
Kim Phuc to third
Jesus Santiago to second
Batting: RHB Virisimo Rabelo 0-0: Ball
1-0: Ball
2-0: Swinging Strike
2-1: Fly out, F9 (Flyball, 9, EV 74.4 MPH)
Bottom of the 3rd over - 2 runs, 3 hits, 1 error, 3 left on base; Lagos S A 0 - Santo Domingo S A 2
TOP OF THE 4TH
Lagos S A Comets batting - Pitching for Santo Domingo S A Cavalry : LHP Boulos Mubarak
Batting: LHB Eria Funsani 0-0: Ground out 1-3 (Groundball, 34S, EV 70.0 MPH)
Batting: RHB Ghiyath bin Diya al Din 0-0: Ball
1-0: Ball
2-0: Ball
3-0: Base on Balls
Batting: SHB Zigza Nassor 0-0: Called Strike
0-1: Fly out, F7 (Line Drive, 7, EV 86.9 MPH)
Batting: LHB Laweye Malecela 0-0: Foul Ball, location: 7LSF
0-1: Ball
1-1: Ball
2-1: Ground out U3 (Groundball, 3, EV 87.5 MPH)
Top of the 4th over - 0 runs, 0 hits, 0 errors, 1 left on base; Lagos S A 0 - Santo Domingo S A 2
BOTTOM OF THE 4TH
Santo Domingo S A Cavalry batting - Pitching for Lagos S A Comets : LHP Al'Alim Nur al Din
Batting: SHB Hariz Arfan 0-0: Ground out 6-3 (Groundball, 6, EV 85.0 MPH)
Batting: RHB Umar Rafiki 0-0: Ball
1-0: Ball
2-0: Ball
3-0: Base on Balls
Batting: RHB Fassil Benslimane 0-0: Ball
1-0: Called Strike
1-1: Ball
2-1: Foul Ball, location: 9LDF
2-2: Strikes out swinging
Batting: RHB Zi-yang Zhou 0-0: Ground out 1-3 (Groundball, 13S, EV 67.5 MPH)
Bottom of the 4th over - 0 runs, 0 hits, 0 errors, 1 left on base; Lagos S A 0 - Santo Domingo S A 2
TOP OF THE 5TH
Lagos S A Comets batting - Pitching for Santo Domingo S A Cavalry : LHP Boulos Mubarak
Batting: RHB Kosho Iwamoto 0-0: Ball
1-0: Ball
2-0: Foul Ball, location: 2F
2-1: Ground out 1-3 (Groundball, 15, EV 71.3 MPH)
Batting: RHB Abdul-Ghaffar Abdul-Halim 0-0: Ball
1-0: Called Strike
1-1: Foul Ball, location: 23FF
1-2: Ball
2-2: Fly out, F9 (Line Drive, 9LM, EV 100.6 MPH)
Batting: RHB Nguna Ampah 0-0: Foul Ball, location: 25FF
0-1: Ground out 5-3 (Groundball, 5S, EV 71.9 MPH)
Top of the 5th over - 0 runs, 0 hits, 0 errors, 0 left on base; Lagos S A 0 - Santo Domingo S A 2
BOTTOM OF THE 5TH
Santo Domingo S A Cavalry batting - Pitching for Lagos S A Comets : LHP Al'Alim Nur al Din
Batting: RHB Ulbert de Ruijter 0-0: Ball
1-0: Ball
2-0: Ball
3-0: Called Strike
3-1: Base on Balls
Batting: RHB Kim Phuc 0-0: Called Strike
0-1: Ball
1-1: Ball
2-1: Foul Ball, location: 2F
2-2: Ball
3-2: Base on Balls
Ulbert de Ruijter to second
Batting: SHB Jesus Santiago 0-0: Foul Ball, location: 2F
0-1: Swinging Strike
0-2: Ball
1-2: Ball
Wild Pitch!
Ulbert de Ruijter to third
Kim Phuc to second
2-2: Ball
3-2: Base on Balls
Batting: RHB Tzivon Hildesheimer 0-0: Fly out, F7 (Flyball, 7S, EV 97.5 MPH)
Batting: RHB Virisimo Rabelo 0-0: Called Strike
0-1: Ball
1-1: Swinging Strike
1-2: Ball
2-2: Strikes out swinging
Batting: SHB Hariz Arfan 0-0: Ball
1-0: Called Strike
1-1: SINGLE (Groundball, 3D, EV 107.5 MPH)
Ulbert de Ruijter scores
Kim Phuc to third
Jesus Santiago to second
Batting: RHB Umar Rafiki 0-0: SINGLE (Groundball, 4MD, EV 98.1 MPH)
Kim Phuc scores
Jesus Santiago to third
Hariz Arfan to second
Batting: RHB Fassil Benslimane 0-0: Swinging Strike
0-1: Swinging Strike
0-2: Foul Ball, location: 9LSFF
0-2: Ball
1-2: Ground out U3 (Groundball, 3, EV 83.8 MPH)
Bottom of the 5th over - 2 runs, 2 hits, 0 errors, 3 left on base; Lagos S A 0 - Santo Domingo S A 4
TOP OF THE 6TH
Lagos S A Comets batting - Pitching for Santo Domingo S A Cavalry : LHP Boulos Mubarak
Batting: RHB Dinh-Die^ Khuc 0-0: Foul Ball, location: 2F
0-1: Ball
1-1: Ground out 6-3 (Groundball, 6MD, EV 90.6 MPH)
Batting: RHB Wilson Garcia 0-0: Ball
1-0: SINGLE (Groundball, 56D, EV 98.8 MPH)
Batting: LHB Eria Funsani 0-0: Ball
1-0: Called Strike
1-1: Ball
2-1: Ball
3-1: Base on Balls
Wilson Garcia to second
Batting: RHB Ghiyath bin Diya al Din 0-0: Ball
1-0: Ball
2-0: Foul Ball, location: 2F
2-1: SINGLE (Line Drive, 8RS, EV 100.0 MPH)
Wilson Garcia to third
Eria Funsani to second
Batting: SHB Zigza Nassor 0-0: Ball
1-0: Fly out, F9 (Flyball, 9, EV 80.0 MPH)
Batting: LHB Laweye Malecela 0-0: Ball
1-0: Swinging Strike
1-1: Called Strike
1-2: Fly out, F8 (Flyball, 8LD, EV 78.8 MPH)
Top of the 6th over - 0 runs, 2 hits, 0 errors, 3 left on base; Lagos S A 0 - Santo Domingo S A 4
BOTTOM OF THE 6TH
Santo Domingo S A Cavalry batting - Pitching for Lagos S A Comets : LHP Al'Alim Nur al Din
Batting: RHB Zi-yang Zhou 0-0: Called Strike
0-1: Ball
1-1: Foul Ball, location: 2F
1-2: Ball
2-2: Ball
3-2: Ground out 6-3 (Groundball, 6, EV 88.8 MPH)
Batting: RHB Ulbert de Ruijter 0-0: SINGLE (Groundball, 4MS, EV 81.3 MPH) (infield hit)
Batting: RHB Kim Phuc 0-0: Called Strike
0-1: Foul Ball, location: 5F
0-2: Ball
1-2: Ball
2-2: Fly out, F8 (Flyball, 8RXD, EV 99.4 MPH)
Batting: SHB Jesus Santiago 0-0: Swinging Strike
0-1: Foul Ball, location: 9LDF
0-2: Strikes out looking
Bottom of the 6th over - 0 runs, 1 hit, 0 errors, 1 left on base; Lagos S A 0 - Santo Domingo S A 4
TOP OF THE 7TH
Lagos S A Comets batting - Pitching for Santo Domingo S A Cavalry : LHP Boulos Mubarak
Batting: RHB Kosho Iwamoto 0-0: Ball
1-0: Foul Ball, location: 25FF
1-1: Swinging Strike
1-2: Strikes out looking
Pitching: RHP Harith bin Wajeeh
Pinch Hitting: RHB Allan Lightfoot 0-0: Foul Ball, location: 3FF
0-1: Foul Ball, location: 2F
0-2: Ball
1-2: Ball
2-2: Strikes out swinging
Batting: RHB Nguna Ampah 0-0: Called Strike
0-1: Fly out, F9 (Flyball, 89XD, EV 88.1 MPH)
Top of the 7th over - 0 runs, 0 hits, 0 errors, 0 left on base; Lagos S A 0 - Santo Domingo S A 4
BOTTOM OF THE 7TH
Santo Domingo S A Cavalry batting - Pitching for Lagos S A Comets : LHP Al'Alim Nur al Din
Now at 1B: Steve Stillman
Batting: RHB Tzivon Hildesheimer 0-0: Called Strike
0-1: Ball
1-1: Ball
2-1: Foul Ball, location: 7LMF
2-2: Foul Ball, location: 5F
2-2: Ball
3-2: Base on Balls
Batting: RHB Virisimo Rabelo 0-0: Grounds into double play, 6-4-3 (Groundball, 6, EV 99.4 MPH)
Batting: SHB Hariz Arfan 0-0: Foul Ball, location: 9LDF
0-1: Called Strike
0-2: Ball
1-2: Ball
2-2: Strikes out swinging
Bottom of the 7th over - 0 runs, 0 hits, 0 errors, 0 left on base; Lagos S A 0 - Santo Domingo S A 4
TOP OF THE 8TH
Lagos S A Comets batting - Pitching for Santo Domingo S A Cavalry : RHP Harith bin Wajeeh
Now at 1B: Riyadh Haroun
Batting: RHB Dinh-Die^ Khuc 0-0: Reached on error, E5 (Groundball, 5D, EV 96.3 MPH)
Batting: RHB Wilson Garcia 0-0: Called Strike
0-1: Ball
1-1: Ball
2-1: Foul Ball, location: 9LMF
2-2: Ground out 4-3 (Groundball, 4M, EV 90.0 MPH)
Dinh-Die^ Khuc to third
Batting: LHB Eria Funsani 0-0: Foul Ball, location: 2RF
0-1: Ball
1-1: Ground out 4-3 (Groundball, 4, EV 103.8 MPH)
Batting: RHB Ghiyath bin Diya al Din 0-0: Ball
1-0: Ball
2-0: Foul Ball, location: 9LSF
2-1: Called Strike
2-2: Foul Ball, location: 3SF
2-2: Foul Ball, location: 23F
2-2: Ball
3-2: Strikes out looking
Top of the 8th over - 0 runs, 0 hits, 1 error, 1 left on base; Lagos S A 0 - Santo Domingo S A 4
BOTTOM OF THE 8TH
Santo Domingo S A Cavalry batting - Pitching for Lagos S A Comets : LHP Al'Alim Nur al Din
Pitching: RHP Jean-Marc Martin
Batting: RHB Umar Rafiki 0-0: Fly out, F5 (Popup, 6S, EV 70.6 MPH)
Batting: RHB Fassil Benslimane 0-0: Called Strike
0-1: Fly out, F8 (Flyball, 8RM, EV 91.9 MPH)
Batting: RHB Zi-yang Zhou 0-0: Ball
1-0: Called Strike
1-1: Fly out, F4 (Popup, 23, EV 83.1 MPH)
Bottom of the 8th over - 0 runs, 0 hits, 0 errors, 0 left on base; Lagos S A 0 - Santo Domingo S A 4
TOP OF THE 9TH
Lagos S A Comets batting - Pitching for Santo Domingo S A Cavalry : RHP Harith bin Wajeeh
Batting: SHB Zigza Nassor 0-0: Ball
1-0: SINGLE (Groundball, 6MD, EV 108.1 MPH)
Batting: LHB Laweye Malecela 0-0: Ball
1-0: Called Strike
1-1: SINGLE (Line Drive, 34D, EV 95.0 MPH)
Zigza Nassor to second
Pitching: RHP Tito Floris
Batting: LHB Janani Elfrougui 0-0: Swinging Strike
0-1: Swinging Strike
0-2: Ball
1-2: Ball
2-2: Strikes out swinging
Pinch Hitting: RHB Eldwin Rose 0-0: Ball
1-0: Ball
2-0: Ball
3-0: Called Strike
3-1: Base on Balls
Zigza Nassor to third
Laweye Malecela to second
Pinch Hitting: RHB Amenzu Nyachae 0-0: Ball
1-0: Ball
2-0: Ball
3-0: Base on Balls
Zigza Nassor scores
Laweye Malecela to third
Eldwin Rose to second
Batting: RHB Dinh-Die^ Khuc 0-0: Ball
1-0: Ball
2-0: Fly out, F7 (Line Drive, 7, EV 107.5 MPH)
Batting: RHB Wilson Garcia 0-0: Ball
1-0: Ball
2-0: Ball
3-0: Base on Balls
Laweye Malecela scores
Eldwin Rose to third
Amenzu Nyachae to second
Batting: LHB Eria Funsani 0-0: Foul Ball, location: 5FF
0-1: Ball
1-1: Ball
2-1: Called Strike
2-2: Strikes out swinging
Top of the 9th over - 2 runs, 2 hits, 0 errors, 3 left on base; Lagos S A 2 - Santo Domingo S A 4
Wednesday, August 28th , 2024 - OOTP Baseball 25.8 Build 87